[Event "ICC tourney 2413 (45 10)"]
[Site "Internet Chess Club"]
[Date "2021.02.27"]
[Round "1"]
[White "LUSSIE, ALEXANDRA:Alycatheawesome"]
[Black "Achuthan, Aryan:kingAryan10"]
[Result "0-1"]
[ICCResult "White resigns"]
[WhiteElo "1421"]
[BlackElo "1631"]
[Opening "Queen's bishop game"]
[ECO "D00"]
[NIC "QP.08"]
[Time "11:03:58"]
[PlyCount "90"]
[TimeControl "2700+10"]

1. d4 d5 2. Bf4 Nf6 3. Nf3 Bf5 4. e3 c6 5. c4 e6 6. Nc3 Bd6 7. Bg3 h6 8.
Qb3 Bxg3 9. hxg3 Qb6 10. c5 Qc7 11. Ne5 Nbd7 12. Be2 Nxe5 13. dxe5 Nd7 14.
g4 Bg6 15. f4 Nxc5 16. Qd1 Ne4 17. Nxe4 Bxe4 18. Bf3 O-O-O 19. Qe2 Qa5+ 20.
Qd2 Qxd2+ 21. Kxd2 Kc7 22. Bxe4 dxe4+ 23. Ke2 Rd5 24. Rhd1 Rhd8 25. g3 Rxd1
26. Rxd1 Rxd1 27. Kxd1 Kb6 28. Kc2 Kc5 29. Kc3 a5 30. a3 b5 31. b4+ axb4+
32. axb4+ Kd5 33. Kb3 c5 34. Kc3 cxb4+ 35. Kxb4 Kc6 36. Kc3 Kc5 37. Kb3 b4
38. f5 Kb5 39. f6 g5 40. Kb2 Kc4 41. Kc2 b3+ 42. Kd2 Kb4 43. Kc1 Kc3 44.
Kb1 b2 45. Ka2 Kc2 { White resigns } 0-1

[Event "ICC tourney 2413 (45 10)"]
[Site "Internet Chess Club"]
[Date "2021.02.27"]
[Round "1"]
[White "GUNDRA, HEMTEJ:hemtej-g"]
[Black "LOU, ELIJAH:ElijahL2020"]
[Result "1-0"]
[ICCResult "Black checkmated"]
[WhiteElo "1547"]
[BlackElo "1237"]
[Opening "Queen's pawn, Mason variation"]
[ECO "D00"]
[NIC "QP.08"]
[Time "11:04:03"]
[PlyCount "49"]
[TimeControl "2700+10"]

1. d4 d5 2. Bf4 c6 3. Nf3 Nf6 4. e3 e6 5. Bd3 Bd6 6. Bg3 Bc7 7. O-O O-O 8.
Nbd2 Re8 9. c3 Nbd7 10. Ne5 Nxe5 11. dxe5 Nd7 12. f4 f6 13. Bh4 Nc5 14. Bc2
Nd7 15. Qh5 h6 16. exf6 Nxf6 17. Bxf6 Qxf6 18. Qxe8+ Qf8 19. Bh7+ Kxh7 20.
Qxf8 Kg6 21. Rf3 Kh7 22. Rg3 g6 23. Qf7+ Kh8 24. Rxg6 Bd6 25. Rxh6# { Black
checkmated } 1-0

[Event "ICC tourney 2413 (45 10)"]
[Site "Internet Chess Club"]
[Date "2021.02.27"]
[Round "1"]
[White "HEBBAR, ESHAAN:solveur"]
[Black "GUO, ELLA:SunnyCountry"]
[Result "1-0"]
[ICCResult "Black checkmated"]
[WhiteElo "1560"]
[BlackElo "1286"]
[Opening "QGD: 4.Bg5 Be7"]
[ECO "D53"]
[NIC "QO.13"]
[Time "11:03:41"]
[PlyCount "51"]
[TimeControl "2700+10"]

1. d4 d5 2. c4 e6 3. Nc3 Nf6 4. Bg5 Be7 5. e3 c6 6. Nf3 h6 7. Bf4 Nbd7 8.
Bd3 b6 9. O-O O-O 10. Rc1 Bb7 11. cxd5 cxd5 12. Nb5 Nb8 13. Bc7 Qe8 14. Nd6
Bxd6 15. Bxd6 Nc6 16. Bb5 Qd7 17. Bxf8 Kxf8 18. Bxc6 Bxc6 19. Ne5 Qb7 20.
Rxc6 Ne4 21. Qc2 g6 22. Rc7 Qa6 23. Rxf7+ Kg8 24. Qc7 Ng5 25. Rg7+ Kf8 26.
Qe7# { Black checkmated } 1-0

[Event "ICC tourney 2413 (45 10)"]
[Site "Internet Chess Club"]
[Date "2021.02.27"]
[Round "1"]
[White "Pugachev, Michael E:Mpugachev"]
[Black "RAO, SRIHAS:srihasrao"]
[Result "1-0"]
[ICCResult "Black resigns"]
[WhiteElo "1630"]
[BlackElo "1411"]
[Opening "Caro-Kann: Panov-Botvinnik attack, 5...e6"]
[ECO "B14"]
[NIC "CK.03"]
[Time "11:03:22"]
[PlyCount "49"]
[TimeControl "2700+10"]

1. e4 c6 2. d4 d5 3. exd5 cxd5 4. c4 Nf6 5. Nc3 e6 6. Nf3 Bb4 7. Bg5 Nc6 8.
Bd3 O-O 9. O-O Be7 10. a3 b6 11. Re1 Bb7 12. Rc1 Rc8 13. cxd5 Nxd5 14. Bxe7
Nxc3 15. Bxh7+ Kh8 16. bxc3 Nxe7 17. Be4 Bxe4 18. Rxe4 Nd5 19. c4 Nf6 20.
Rh4+ Kg8 21. Qd3 g6 22. Qe3 Nh5 23. g4 Ng7 24. Qh6 f5 25. Ng5 { Black
resigns } 1-0

[Event "ICC tourney 2413 (45 10)"]
[Site "Internet Chess Club"]
[Date "2021.02.27"]
[Round "1"]
[White "BASTIANI-FONCK, CLAUDIO:Cbf577"]
[Black "OBERAI, ADITYA:obiwan12"]
[Result "0-1"]
[ICCResult "White resigns"]
[WhiteElo "1377"]
[BlackElo "1591"]
[Opening "Giuoco Piano: four knights variation"]
[ECO "C47"]
[NIC "KP.06"]
[Time "11:03:24"]
[PlyCount "70"]
[TimeControl "2700+10"]

1. e4 e5 2. Nf3 Nc6 3. Nc3 Nf6 4. Bc4 Bc5 5. O-O O-O 6. d3 d6 7. h3 Be6 8.
Bb5 Nd4 9. Na4 Nxb5 10. Nxc5 dxc5 11. Nxe5 Nd7 12. Nf3 Nd4 13. Nh2 f5 14.
c3 Nc6 15. Re1 fxe4 16. Rxe4 Bf5 17. Re3 Nde5 18. Qb3+ Kh8 19. Qxb7 Bxd3
20. Qb3 Qf6 21. Nf3 Nxf3+ 22. Rxf3 Qg6 23. Rg3 Qd6 24. Bg5 c4 25. Qa4 Qc5
26. Be3 Qd6 27. Rd1 Qe6 28. Bc5 Rf6 29. Re3 Qd5 30. Ba3 Rg6 31. g3 Qf5 32.
b3 Rf6 33. Rd2 Qxh3 34. Be7 Qf1+ 35. Kh2 Rxf2+ { White resigns } 0-1

[Event "ICC tourney 2413 (45 10)"]
[Site "Internet Chess Club"]
[Date "2021.02.27"]
[Round "1"]
[White "HU, ANGELA:AngelaIL203"]
[Black "HE, JUSTIN:Justinboi"]
[Result "1-0"]
[ICCResult "Black resigns"]
[WhiteElo "1228"]
[BlackElo "1531"]
[Opening "Caro-Kann: Panov-Botvinnik attack, 5...e6"]
[ECO "B14"]
[NIC "CK.03"]
[Time "11:04:10"]
[PlyCount "45"]
[TimeControl "2700+10"]

1. e4 c6 2. d4 d5 3. exd5 cxd5 4. c4 Nf6 5. Nc3 e6 6. Nf3 Nc6 7. Be3 Bb4 8.
Be2 Ne4 9. Bd2 Bxc3 10. Bxc3 Nxc3 11. bxc3 dxc4 12. Bxc4 O-O 13. O-O Qc7
14. Bb3 Rd8 15. Qc2 b6 16. Rad1 Ba6 17. Rfe1 Rac8 18. Qe4 Na5 19. Ng5 g6
20. Qh4 h5 21. Nxe6 fxe6 22. Bxe6+ Kf8 23. Qf6+ { Black resigns } 1-0

[Event "ICC tourney 2413 (45 10)"]
[Site "Internet Chess Club"]
[Date "2021.02.27"]
[Round "1"]
[White "SULTAN, BASHIR CISSE:muzikmixer"]
[Black "JING, ANDREW:andrewj508"]
[Result "1/2-1/2"]
[ICCResult "Game drawn by mutual agreement"]
[WhiteElo "1579"]
[BlackElo "1305"]
[Opening "English opening"]
[ECO "A25"]
[NIC "EO.20"]
[Time "11:03:35"]
[PlyCount "166"]
[TimeControl "2700+10"]

1. c4 e5 2. g3 Nc6 3. Nc3 Bc5 4. Bg2 Nge7 5. e3 d6 6. a3 a5 7. Nge2 O-O 8.
O-O Ng6 9. d4 Ba7 10. b4 f5 11. c5 e4 12. Nb5 d5 13. Nxa7 Nxa7 14. Nc3 c6
15. bxa5 Qxa5 16. Bd2 Qc7 17. Na4 Nb5 18. Bb4 Be6 19. Nb6 Rae8 20. a4 Na7
21. a5 Rf6 22. a6 Nc8 23. a7 Nxa7 24. Rxa7 Ne7 25. Ra8 Rxa8 26. Nxa8 Qd8
27. Nb6 g5 28. Qh5 Rg6 29. Ra1 Kg7 30. Ra8 Qc7 31. Qd1 f4 32. Qa4 Rf6 33.
Qa7 fxe3 34. fxe3 Kg6 35. Qb8 Qxb8 36. Rxb8 Nf5 37. Bd2 Rf7 38. Na4 h5 39.
Nb2 h4 40. g4 Nh6 41. h3 Ng8 42. Ba5 Nf6 43. Bd8 Nxg4 44. hxg4 Bxg4 45. Ba5
h3 46. Bh1 h2+ 47. Kg2 Bf3+ 48. Kxh2 Rh7+ 49. Kg3 Bxh1 50. Nd1 Bf3 51. Nf2
Kf5 52. Rf8+ Ke6 53. Ng4 Rh1 54. Rf6+ Ke7 55. Rxf3 exf3 56. Kxf3 Rh3+ 57.
Kg2 Rh4 58. Kg3 Rh1 59. Bc7 Kd7 60. Be5 Rg1+ 61. Kf3 Rf1+ 62. Kg3 Rg1+ 63.
Kh3 Rh1+ 64. Bh2 Re1 65. Kg2 Re2+ 66. Kf3 Re1 67. Ne5+ Kc8 68. Bg3 Rf1+ 69.
Kg4 Rf8 70. Kxg5 Rg8+ 71. Kf4 Kb8 72. Bh4 Ka7 73. Bf6 Rf8 74. Kf5 Rg8 75.
Ng6 Re8 76. Ne7 Kb8 77. Be5+ Ka7 78. Ke6 Rd8 79. Nf5 Re8+ 80. Kd7 Rf8 81.
Nd6 Rf3 82. Bf4 Rh3 83. Nc8+ Ka6 { Game drawn by mutual agreement } 1/2-1/2

[Event "ICC tourney 2413 (45 10)"]
[Site "Internet Chess Club"]
[Date "2021.02.27"]
[Round "1"]
[White "WANG, LEONARDO:Leowang"]
[Black "SAKHARKAR, SHREYAS RAJENDRA:shrey16ultimate"]
[Result "0-1"]
[ICCResult "White checkmated"]
[WhiteElo "1382"]
[BlackElo "1000"]
[Opening "Nimzo-Indian: classical variation"]
[ECO "E32"]
[NIC "NI.20"]
[Time "11:03:40"]
[PlyCount "68"]
[TimeControl "2700+10"]

1. d4 Nf6 2. c4 e6 3. Nc3 Bb4 4. Qc2 O-O 5. a3 Bxc3+ 6. Qxc3 b6 7. Nf3 Bb7
8. Bg5 d6 9. e3 Nbd7 10. Bd3 h6 11. Bh4 Qe8 12. Be2 Rc8 13. b4 c5 14. O-O
g5 15. Bg3 Ne4 16. Qb3 Qe7 17. Rfd1 f5 18. h3 Ndf6 19. dxc5 bxc5 20. Bh2 g4
21. Nd2 Qg7 22. h4 g3 23. fxg3 Nxg3 24. Bf3 Nfe4 25. Nxe4 fxe4 26. Bxg3
exf3 27. Kh2 fxg2 28. Rab1 Rf3 29. Bxd6 g1=Q+ 30. Rxg1 Rf2+ 31. Kh3 Bg2+
32. Kh2 Be4+ 33. Kh3 Bf5+ 34. Rg4 Qxg4# { White checkmated } 0-1

[Event "ICC tourney 2413 (45 10)"]
[Site "Internet Chess Club"]
[Date "2021.02.27"]
[Round "1"]
[White "REMPE, LENNIK:Kokosnuss1000"]
[Black "PULLABHOTLA, ABHINAV:Abhinac123"]
[Result "0-1"]
[ICCResult "White resigns"]
[WhiteElo "1400"]
[BlackElo "1619"]
[Opening "Four knights: Spanish, classical defense"]
[ECO "C48"]
[NIC "KP.03"]
[Time "11:03:30"]
[PlyCount "50"]
[TimeControl "2700+10"]

1. e4 e5 2. Nf3 Nc6 3. Nc3 Nf6 4. Bb5 Bc5 5. Nxe5 Bxf2+ 6. Kxf2 Nxe5 7. Rf1
Nfg4+ 8. Kg1 Qh4 9. h3 Nf6 10. d4 Ng6 11. e5 Nh5 12. Qg4 Ng3 13. Qxh4 Nxh4
14. Rf4 Ng6 15. Rf3 c6 16. Rxg3 cxb5 17. Nxb5 O-O 18. Nd6 b6 19. Bg5 h6 20.
Be3 Ba6 21. Rg4 Kh7 22. Nf5 Be2 23. Rg3 f6 24. h4 fxe5 25. dxe5 Rxf5 {
White resigns } 0-1

[Event "ICC tourney 2413 (45 10)"]
[Site "Internet Chess Club"]
[Date "2021.02.27"]
[Round "1"]
[White "JIANG, JASON:JasonJiang10"]
[Black "ATLURI, PRATHIK:ChessStar22"]
[Result "1/2-1/2"]
[ICCResult "Game drawn by repetition"]
[WhiteElo "1596"]
[BlackElo "1378"]
[Opening "Caro-Kann: exchange variation"]
[ECO "B13"]
[NIC "CK.02"]
[Time "11:03:45"]
[PlyCount "94"]
[TimeControl "2700+10"]

1. e4 c6 2. d4 d5 3. exd5 cxd5 4. Nf3 Nf6 5. Be2 Nc6 6. O-O Bg4 7. h3 Bxf3
8. Bxf3 e6 9. Bf4 Bd6 10. Bxd6 Qxd6 11. c3 O-O 12. Nd2 Rab8 13. a4 b6 14.
Re1 Rfe8 15. b4 a6 16. Nb3 a5 17. b5 Ne7 18. Qd3 Rec8 19. Rec1 Rc7 20. c4
dxc4 21. Rxc4 Rxc4 22. Qxc4 Rc8 23. Qd3 Ned5 24. Rc1 Rxc1+ 25. Nxc1 Qc7 26.
Ne2 Nb4 27. Qb3 Qc2 28. Qxc2 Nxc2 29. g4 g5 30. Bc6 Kf8 31. Kg2 Ke7 32. Kg3
Nb4 33. Bb7 Kd6 34. f4 h6 35. Kf3 Nbd5 36. f5 e5 37. Bxd5 Nxd5 38. Ke4 exd4
39. Kxd4 f6 40. Ng3 Nf4 41. Ne4+ Ke7 42. Nc3 Kd6 43. Ne4+ Ke7 44. Nc3 Kd6
45. Ne4+ Ke7 46. Nc3 Kd6 47. Ne4+ Ke7 { Game drawn by repetition } 1/2-1/2

[Event "ICC tourney 2413 (45 10)"]
[Site "Internet Chess Club"]
[Date "2021.02.27"]
[Round "1"]
[White "ZHANG, FRED:Fredzhang"]
[Black "TIPPA, ASWATH SRISAI:IGMin2023"]
[Result "1-0"]
[ICCResult "Black checkmated"]
[WhiteElo "1499"]
[BlackElo "932"]
[Opening "Réti: King's Indian attack (Barcza system)"]
[ECO "A07"]
[NIC "QP.09"]
[Time "11:04:10"]
[PlyCount "97"]
[TimeControl "2700+10"]

1. Nf3 d5 2. g3 Nf6 3. d3 Bf5 4. Bg2 e6 5. Bf4 Bd6 6. Bxd6 Qxd6 7. Nc3 O-O
8. O-O Nbd7 9. Re1 c5 10. e4 dxe4 11. dxe4 Qxd1 12. Raxd1 Bg4 13. e5 Nd5
14. Nxd5 exd5 15. Rxd5 Nb6 16. Rxc5 Rfe8 17. Nd4 Rad8 18. Ne2 Nd7 19. Rc7
Rxe5 20. f3 Be6 21. b3 Re8 22. Rxb7 Nf8 23. Rxa7 Bd5 24. Kf2 Ne6 25. c4 Bc6
26. b4 Nd4 27. Bf1 Bxf3 28. Nxd4 Rxe1 29. Nxf3 Rb1 30. Ne5 f6 31. Nc6 Rb2+
32. Kg1 Kf8 33. b5 h6 34. a4 Re1 35. Ra8+ Kf7 36. a5 Rc2 37. b6 Rxc4 38. b7
Rxc6 39. b8=Q Rcc1 40. Qb7+ Kg6 41. Qf3 Red1 42. a6 Ra1 43. a7 Rd2 44. Qg4+
Kh7 45. Qf5+ g6 46. Qxf6 Rxf1+ 47. Kxf1 Rd8 48. Qf7+ Kh8 49. Rxd8# { Black
checkmated } 1-0

[Event "ICC tourney 2413 (45 10)"]
[Site "Internet Chess Club"]
[Date "2021.02.27"]
[Round "1"]
[White "GHOSH, KRISH N:krishghosh"]
[Black "BAI, JEFFREY:Jeffchess"]
[Result "1-0"]
[ICCResult "Black resigns"]
[WhiteElo "1512"]
[BlackElo "1227"]
[Opening "Queen's pawn"]
[ECO "A40"]
[NIC "QO.17"]
[Time "11:03:43"]
[PlyCount "110"]
[TimeControl "2700+10"]

1. d4 e6 2. Bf4 d5 3. Nd2 c5 4. e3 c4 5. Ngf3 b5 6. a4 b4 7. Be2 a5 8. O-O
Nc6 9. Ne5 Bd7 10. Nxc6 Bxc6 11. b3 c3 12. Nf3 Bd6 13. Bxd6 Qxd6 14. Ne5
Ne7 15. Bd3 f6 16. Qh5+ g6 17. Nxg6 Nxg6 18. Bxg6+ Ke7 19. Qh6 Rag8 20. Bd3
f5 21. f4 Kd7 22. Rf3 Rg6 23. Qh4 Qe7 24. Qxe7+ Kxe7 25. Bb5 Bxb5 26. axb5
Ra8 27. Rh3 h6 28. Kf2 Kd6 29. Rg3 Rxg3 30. Kxg3 Kc7 31. Kh4 Kb6 32. h3
Kxb5 33. g4 Rg8 34. g5 hxg5+ 35. fxg5 Ra8 36. Kh5 Rh8+ 37. Kg6 Rxh3 38. Kf6
Rh8 39. g6 Ra8 40. g7 a4 41. Rxa4 Rxa4 42. bxa4+ Kxa4 43. g8=Q Ka3 44. Qa8+
Kb2 45. Qa4 Kc1 46. Kxe6 Kd2 47. Kxf5 Kxe3 48. Ke5 Kd2 49. Kxd5 Ke3 50. Kc4
Kd2 51. Qxb4 Kxc2 52. Qxc3+ Kd1 53. Qb2 Ke1 54. Kd3 Kf1 55. Ke3 Kg1 { Black
resigns } 1-0

[Event "ICC tourney 2413 (45 10)"]
[Site "Internet Chess Club"]
[Date "2021.02.27"]
[Round "1"]
[White "MURALI, RISHI:RishiMurali"]
[Black "Pulijala, Akshaj:akshajp"]
[Result "0-1"]
[ICCResult "White resigns"]
[WhiteElo "1606"]
[BlackElo "1392"]
[Opening "King's Indian defense"]
[ECO "E60"]
[NIC "KI.80"]
[Time "11:03:12"]
[PlyCount "92"]
[TimeControl "2700+10"]

1. d4 Nf6 2. c4 g6 3. e3 Bg7 4. Nf3 d6 5. Nc3 O-O 6. Be2 Bf5 7. O-O c6 8.
Bd3 Bxd3 9. Qxd3 d5 10. c5 Nfd7 11. e4 dxe4 12. Nxe4 Na6 13. a3 Ndxc5 14.
Qc2 Nxe4 15. Qxe4 Nc7 16. Re1 Nd5 17. Ng5 h6 18. Nf3 e6 19. Bd2 Qe7 20. Ne5
Rad8 21. Ba5 Rc8 22. Bd2 b6 23. Rac1 c5 24. dxc5 bxc5 25. Nc4 Rfd8 26. Ba5
Rd7 27. Rcd1 Nf6 28. Rxd7 Qxd7 29. Qe2 Nd5 30. Rd1 Rb8 31. Ne5 Qb5 32. Qxb5
Rxb5 33. Nc4 Rb8 34. Rb1 Bd4 35. Nd2 Rxb2 36. Rxb2 Bxb2 37. Nc4 Bd4 38. Kf1
Kf8 39. Ke2 Ke7 40. f3 Kd7 41. Kd3 Nf4+ 42. Ke4 Nxg2 43. Ne5+ Bxe5 44. Kxe5
Ne3 45. Kf6 Ke8 46. Bc7 Nd5+ { White resigns } 0-1

[Event "ICC tourney 2413 (45 10)"]
[Site "Internet Chess Club"]
[Date "2021.02.27"]
[Round "1"]
[White "AHUJA, AAKASH MOHAN:aakashjr"]
[Black "Sun, Ethan:ethansun188"]
[Result "1/2-1/2"]
[ICCResult "Game drawn by mutual agreement"]
[WhiteElo "1586"]
[BlackElo "1337"]
[Opening "Giuoco Piano: Greco's attack"]
[ECO "C54"]
[NIC "IG.02"]
[Time "11:03:43"]
[PlyCount "79"]
[TimeControl "2700+10"]

1. e4 e5 2. Nf3 Nc6 3. Bc4 Bc5 4. c3 Nf6 5. d4 exd4 6. cxd4 Bb4+ 7. Nc3
Bxc3+ 8. bxc3 Nxe4 9. d5 Ne7 10. O-O O-O 11. Re1 Nf6 12. Bg5 Ng6 13. d6
cxd6 14. Qxd6 h6 15. Be3 Re8 16. Bd4 Rxe1+ 17. Rxe1 b5 18. Bd5 Nxd5 19.
Qxd5 Ba6 20. Ne5 Nxe5 21. Qxe5 Qg5 22. Qxg5 hxg5 23. Re7 Rd8 24. Bxa7 Kf8
25. Re1 d6 26. h3 Re8 27. Rxe8+ Kxe8 28. Bd4 f6 29. Kh2 Ke7 30. Kg3 Bb7 31.
f3 Bd5 32. a3 Be6 33. f4 gxf4+ 34. Kxf4 Bc4 35. g4 Bd3 36. g5 fxg5+ 37.
Kxg5 g6 38. Kf4 Ke6 39. Ke3 Bb1 40. Kf4 { Game drawn by mutual agreement }
1/2-1/2

[Event "ICC tourney 2413 (45 10)"]
[Site "Internet Chess Club"]
[Date "2021.02.27"]
[Round "1"]
[White "YANG, ALLEN:aChessRookie"]
[Black "TREUSDELL , ROSS:IveDoneEnough"]
[Result "0-1"]
[ICCResult "White checkmated"]
[WhiteElo "1323"]
[BlackElo "1584"]
[Opening "Sicilian: dragon, classical, Richter variation"]
[ECO "B73"]
[NIC "SI.25"]
[Time "11:03:23"]
[PlyCount "74"]
[TimeControl "2700+10"]

1. e4 c5 2. Nf3 Nc6 3. d4 cxd4 4. Nxd4 Nf6 5. Nc3 d6 6. Be2 g6 7. O-O Bg7
8. Be3 O-O 9. Qd2 a6 10. Rad1 Nxd4 11. Bxd4 b5 12. f3 Bb7 13. Be3 Qc7 14.
Bh6 Bxh6 15. Qxh6 b4 16. Nd5 Bxd5 17. exd5 Qxc2 18. Bd3 Qc5+ 19. Kh1 a5 20.
h4 Rac8 21. g4 Nxd5 22. h5 Qe3 23. g5 Nf4 24. hxg6 hxg6 25. Be4 Qe2 26. Rg1
Qxb2 27. Rg4 Ne6 28. Bxg6 Qg7 29. Qxg7+ Kxg7 30. Bf5 Rc5 31. Bxe6 fxe6 32.
Kg2 Rc2+ 33. Kg3 Rxa2 34. Re1 e5 35. Rb1 Ra3 36. Rb2 Rfxf3+ 37. Kh4 Rh3# {
White checkmated } 0-1

[Event "ICC tourney 2413 (45 10)"]
[Site "Internet Chess Club"]
[Date "2021.02.27"]
[Round "1"]
[White "Shah, Sajan Mallick:sajanmshah10"]
[Black "Templeton, Alexander:ajttja"]
[Result "0-1"]
[ICCResult "White checkmated"]
[WhiteElo "1472"]
[BlackElo "1695"]
[Opening "Sicilian: closed"]
[ECO "B23"]
[NIC "SI.44"]
[Time "11:03:25"]
[PlyCount "62"]
[TimeControl "2700+10"]

1. e4 c5 2. Nc3 e6 3. Bc4 Nc6 4. Nf3 a6 5. d3 b5 6. Bb3 Bb7 7. O-O Qc7 8.
Ne2 Nge7 9. Bf4 d6 10. c3 Ng6 11. Be3 Be7 12. d4 c4 13. Bc2 O-O 14. b3 d5
15. exd5 exd5 16. Bxg6 fxg6 17. Qd2 a5 18. bxc4 dxc4 19. Rab1 b4 20. Qb2
Bd6 21. Nd2 Ne7 22. Rfc1 Bxh2+ 23. Kh1 Nd5 24. cxb4 Nxe3 25. fxe3 Rf2 26.
e4 Rxe2 27. Qc3 Bf4 28. Rb2 axb4 29. Qxb4 c3 30. Rxc3 Re1+ 31. Nf1 Rxf1# {
White checkmated } 0-1

[Event "ICC tourney 2413 (45 10)"]
[Site "Internet Chess Club"]
[Date "2021.02.27"]
[Round "1"]
[White "Goldblatt, Steven:SGOLD9367"]
[Black "PARKER, MICHAEL WAYNE:BobbyFissure"]
[Result "1-0"]
[ICCResult "Black resigns"]
[WhiteElo "1173"]
[BlackElo "1504"]
[Opening "Budapest defense declined"]
[ECO "A51"]
[NIC "QG.01"]
[Time "11:03:40"]
[PlyCount "93"]
[TimeControl "2700+10"]

1. d4 Nf6 2. c4 e5 3. e3 Bb4+ 4. Bd2 Qe7 5. dxe5 Bxd2+ 6. Qxd2 Qxe5 7. Nf3
Qe7 8. Nc3 c6 9. Bd3 O-O 10. O-O Na6 11. Rad1 Nc7 12. Qc2 Rd8 13. Rfe1 d5
14. h3 h6 15. cxd5 Ncxd5 16. a3 Bd7 17. Re2 b5 18. Red2 b4 19. Ne4 bxa3 20.
Nxf6+ Nxf6 21. bxa3 Qxa3 22. Ne5 Qe7 23. Nxd7 Nxd7 24. Qxc6 Ne5 25. Qe4 Kf8
26. Qh7 f6 27. Be4 Rxd2 28. Rxd2 Qb4 29. Qh8+ Ke7 30. Qxg7+ Nf7 31. Rd4
Qe1+ 32. Kh2 Rf8 33. Bf5 Qxf2 34. Rd7+ Ke8 35. Be6 Qxe3 36. Qxf6 Qe5+ 37.
Qxe5 Nxe5 38. Rxa7 Rf6 39. Bd5 Nd7 40. Bf3 Ke7 41. Bg4 Rd6 42. Kg3 Rd3+ 43.
Kh4 Rd6 44. g3 Rd4 45. Rxd7+ Rxd7 46. Bxd7 Kxd7 47. Kh5 { Black resigns }
1-0

[Event "ICC tourney 2413 (45 10)"]
[Site "Internet Chess Club"]
[Date "2021.02.27"]
[Round "1"]
[White "SUSANTO, RIDWAN:fhunfi"]
[Black "LAIDO, OLIVIA:beibeiolivia"]
[Result "1-0"]
[ICCResult "Black checkmated"]
[WhiteElo "1695"]
[BlackElo "1461"]
[Opening "Ruy Lopez: Classical defense deferred"]
[ECO "C70"]
[NIC "RL.09"]
[Time "11:03:17"]
[PlyCount "147"]
[TimeControl "2700+10"]

1. e4 e5 2. Nf3 Nc6 3. Bb5 a6 4. Ba4 Bc5 5. c3 b5 6. Bc2 d6 7. O-O Nf6 8.
a3 O-O 9. d4 Bb6 10. h3 Re8 11. Re1 Bb7 12. Bg5 h6 13. Bh4 Nb8 14. dxe5
dxe5 15. Qxd8 Rxd8 16. Nxe5 Re8 17. Bxf6 gxf6 18. Ng4 Kg7 19. Nd2 Nd7 20.
Ne3 Ne5 21. Rad1 Rad8 22. Ndf1 Ng6 23. Nf5+ Kh7 24. N1g3 Ne5 25. Nh5 Kg6
26. Nf4+ Kh7 27. Nh5 Kg6 28. Nf4+ Kh7 29. Ne3 Kg8 30. Ned5 Bxd5 31. Nxd5
Kg7 32. Nxb6 cxb6 33. b3 Nc6 34. Rxd8 Rxd8 35. Rd1 Rxd1+ 36. Bxd1 a5 37.
Kf1 Kg6 38. Ke2 Kg5 39. g3 f5 40. f4+ Kf6 41. Bc2 fxe4 42. Bxe4 Ne7 43. Kd3
Ke6 44. Kd4 Kd6 45. f5 f6 46. g4 Nc8 47. c4 b4 48. axb4 axb4 49. Bd5 Ne7
50. Be4 Nc8 51. h4 Ne7 52. g5 hxg5 53. hxg5 fxg5 54. f6 Nc8 55. Bf5 Na7 56.
Ke4 Nc6 57. Bg4 Na7 58. Kf5 Nc6 59. Kxg5 Nd4 60. Kg6 Nxb3 61. f7 Nd4 62.
f8=Q+ Kc6 63. Qf6+ Kc5 64. Be6 b3 65. Qe5+ Kb4 66. Qxd4 Ka3 67. Qa1+ Kb4
68. Qb2 Ka4 69. c5 bxc5 70. Qxb3+ Ka5 71. Bd7 Ka6 72. Bc6 c4 73. Qb5+ Ka7
74. Qb7# { Black checkmated } 1-0

[Event "ICC tourney 2413 (45 10)"]
[Site "Internet Chess Club"]
[Date "2021.02.27"]
[Round "1"]
[White "PATEL, ARAV:APBrain"]
[Black "GINZBURG, LIORA:Liopleuradon15"]
[Result "1/2-1/2"]
[ICCResult "Game drawn by mutual agreement"]
[WhiteElo "1639"]
[BlackElo "1448"]
[Opening "Queen's pawn: London system"]
[ECO "A45"]
[NIC "QP.07"]
[Time "11:03:35"]
[PlyCount "103"]
[TimeControl "2700+10"]

1. d4 Nf6 2. Bf4 g6 3. Nc3 Bg7 4. e4 d6 5. Qd2 h6 6. f3 Nc6 7. g4 Bd7 8. h4
e5 9. dxe5 dxe5 10. Be3 Qe7 11. O-O-O O-O-O 12. Qf2 a6 13. Bc5 Qe8 14. Nd5
Nxd5 15. exd5 Nd4 16. c3 Nb5 17. d6 cxd6 18. Bb6 Nc7 19. Bh3 Be6 20. Ne2
Bxa2 21. g5+ Be6 22. Ng3 Bxh3 23. Rxh3 hxg5 24. Ne4 Qe7 25. Bxc7 Kxc7 26.
Rh2 gxh4 27. Kc2 f5 28. Nxd6 Kb8 29. Qb6 Qc7 30. Qxc7+ Kxc7 31. Nf7 Rxd1
32. Kxd1 Rf8 33. Ng5 Kd7 34. Rxh4 Bf6 35. Rh7+ Kd6 36. Nh3 Rh8 37. Rxh8
Bxh8 38. Ke2 Bf6 39. Ke3 g5 40. Nf2 Kd5 41. Kd3 b5 42. b3 a5 43. Nd1 f4 44.
c4+ bxc4+ 45. bxc4+ Kc5 46. Nc3 Bd8 47. Ne4+ Kb4 48. c5 a4 49. Kc2 Kb5 50.
Nc3+ Kxc5 51. Nxa4+ Kd4 52. Kd2 { Game drawn by mutual agreement } 1/2-1/2

[Event "ICC tourney 2413 (45 10)"]
[Site "Internet Chess Club"]
[Date "2021.02.27"]
[Round "1"]
[White "Shanmugam, Meera:artistqueen"]
[Black "VALE CRUZ, ARMIN:trucker"]
[Result "1-0"]
[ICCResult "Black forfeits on time"]
[WhiteElo "1451"]
[BlackElo "1640"]
[Opening "Ruy Lopez: Berlin defense, Beverwijk variation"]
[ECO "C65"]
[NIC "RL.07"]
[Time "11:04:00"]
[PlyCount "85"]
[TimeControl "2700+10"]

1. e4 e5 2. Nf3 Nc6 3. Bb5 Nf6 4. O-O Bc5 5. Nxe5 O-O 6. Nf3 Nxe4 7. d4 Bb6
8. d5 Ne7 9. Bd3 Nf6 10. d6 Ng6 11. Bg5 h6 12. Bxf6 Qxf6 13. Bxg6 fxg6 14.
Nc3 cxd6 15. Nd5 Qf7 16. Re1 Bd8 17. Nc3 Bf6 18. Qxd6 b6 19. Nd5 Bb7 20.
Rad1 Bxd5 21. Rxd5 Rae8 22. Rxe8 Qxe8 23. Qxd7 Qe4 24. Qc6 g5 25. Rd6 Qb4
26. Qd5+ Kh8 27. b3 Re8 28. h3 g4 29. hxg4 Qxg4 30. Qd1 h5 31. Rd5 h4 32.
Kf1 h3 33. g3 a5 34. Rd6 Bc3 35. Rd8 Qe4 36. Rxe8+ Qxe8 37. Qe2 Qc6 38. Kg1
g5 39. Kh2 Bf6 40. Kxh3 g4+ 41. Kxg4 Qd7+ 42. Kf4 Kg7 43. Qd3 { Black
forfeits on time } 1-0

[Event "ICC tourney 2413 (45 10)"]
[Site "Internet Chess Club"]
[Date "2021.02.27"]
[Round "1"]
[White "PAN, CHRIS:Chris0708"]
[Black "KEYWORTH, PAUL:KawordianKnight"]
[Result "0-1"]
[ICCResult "White resigns"]
[WhiteElo "1297"]
[BlackElo "1561"]
[Opening "Scandinavian defense"]
[ECO "B01"]
[NIC "SD.03"]
[Time "11:03:21"]
[PlyCount "74"]
[TimeControl "2700+10"]

1. e4 d5 2. exd5 Nf6 3. Nf3 Bg4 4. c4 c6 5. dxc6 Nxc6 6. h3 Bh5 7. Be2 e6
8. O-O Qc7 9. b3 O-O-O 10. d3 h6 11. Bb2 Bc5 12. Nbd2 Bg6 13. Re1 Bxd3 14.
Bxd3 Rxd3 15. Qe2 Rhd8 16. a3 Qf4 17. Bc1 Qf5 18. b4 Bd4 19. Ra2 Bc3 20.
Rd1 g5 21. Bb2 Bxb2 22. Rxb2 Ne4 23. a4 Nc3 24. Qf1 Nxd1 25. Qxd1 Ne5 26.
Qe2 Nxf3+ 27. Nxf3 Qf4 28. Rb1 g4 29. hxg4 Qxg4 30. Kf1 h5 31. c5 h4 32. b5
h3 33. gxh3 Qxh3+ 34. Ke1 Qh1+ 35. Ng1 Qxg1+ 36. Qf1 Rd1+ 37. Rxd1 Rxd1+ {
White resigns } 0-1

[Event "ICC tourney 2413 (45 10)"]
[Site "Internet Chess Club"]
[Date "2021.02.27"]
[Round "1"]
[White "BRUDNO, STEPHEN:StevChess01"]
[Black "Washburn, Samuel Richard:samwash"]
[Result "1-0"]
[ICCResult "Black forfeits on time"]
[WhiteElo "1661"]
[BlackElo "1453"]
[Opening "QGD: exchange, positional line"]
[ECO "D35"]
[NIC "QO.16"]
[Time "11:03:22"]
[PlyCount "67"]
[TimeControl "2700+10"]

1. d4 d5 2. c4 e6 3. Nc3 Nf6 4. cxd5 exd5 5. Bg5 Be7 6. e3 O-O 7. Bd3 Nbd7
8. Rc1 c6 9. Qc2 g6 10. Nf3 Re8 11. O-O Nh5 12. Bxe7 Qxe7 13. Rb1 Nf8 14.
b4 Ng7 15. b5 Qc7 16. bxc6 bxc6 17. Nxd5 Qd6 18. Nc3 Bf5 19. Bxf5 Nxf5 20.
Ne4 Qe6 21. Nc5 Qd6 22. Rb7 Ne6 23. Rd7 Qf8 24. Nxe6 Rxe6 25. Rb1 Re7 26.
Rxe7 Nxe7 27. Rb7 a6 28. Qc5 Re8 29. h3 Nc8 30. Qxf8+ Kxf8 31. Rc7 Ne7 32.
Ra7 Rb8 33. Rxa6 Rb2 34. Ne5 { Black forfeits on time } 1-0